 Dungeon Crawl Stone Soup version 0.21-a0-238-geb0acef (webtiles) character file.

72 Monsterracer the Slasher (level 4, -3/35 HPs)
             Began as a Barachi Warper on Sept 2, 2017.
             Slain by a gnoll
             ... wielding a +0 spear
              (5 damage)
             ... on level 2 of the Dungeon.
             The game lasted 00:02:51 (1422 turns).

Monsterracer the Slasher (Barachi Warper)           Turns: 1422, Time: 00:02:51

Health: -3/35      AC:  3    Str: 13    XL:     4   Next: 26%
Magic:  0/7        EV: 12    Int: 13    God:
Gold:   26         SH:  0    Dex: 12    Spells: 2/7 levels left

rFire    . . .     SeeInvis .   a - +0 falchion
rCold    . . .     Gourm    .   (no shield)
rNeg     . . .     Faith    .   b - +0 leather armour
rPois    .         Spirit   +   (no helmet)
rElec    .         Reflect  .   i - scarf {Spirit}
rCorr    .         Harm     .   (no gloves)
MR       .....                  (no boots)
Stlth    +.........             (no amulet)
HPRegen  0.11/turn              (no ring)
MPRegen  0.10/turn              (no ring)

@: can't hop, slow
A: +LOS, swims, slowness 1, strong legs 1
a: Hop


You were on level 2 of the Dungeon.
You were not hungry.

You visited 1 branch of the dungeon, and saw 2 of its levels.

You collected 26 gold pieces.

Inventory:

Hand Weapons
 a - a +0 falchion (weapon)
Armour
 b - a +0 leather armour (worn)
 i - a scarf of spirit shield (worn)
Scrolls
 d - a scroll of blinking
 g - a scroll of enchant armour {unknown}
 k - a scroll of recharging {unknown}
 m - a scroll of identify {unknown}
Potions
 h - 2 potions of curing {unknown}
 j - a potion of haste {unknown}
 n - a potion of degeneration {unknown}
Books
 c - a book of Spatial Translocations

   Spells                             Type                      Level
   a - Blink                          Translocation                2
   b - Shroud of Golubria             Charms/Translocation         2
   c - Lesser Beckoning               Translocation                3
   d - Gell's Gravitas                Translocation                3
   e - Teleport Other                 Translocation                3
   f - Passage of Golubria            Translocation                4
Comestibles
 f - a bread ration
 l - 4 chunks of flesh


   Skills:
 * Level 3.3 Fighting
 * Level 3.6 Long Blades
 - Level 1.0 Throwing
 + Level 2.3 Armour
 + Level 2.9 Dodging
 - Level 2.1 Spellcasting
 - Level 3.2 Translocations


You had 2 spell levels left.
You knew the following spells:

 Your Spells              Type           Power        Failure   Level  Hunger
b - Lesser Beckoning      Tloc           #.........   24%         3    ####...
e - Blink                 Tloc           N/A          12%         2    ###....


Dungeon Overview and Level Annotations

Branches:
Dungeon (2/15)

Altars:


Innate Abilities, Weirdness & Mutations

Shadows flee at your approach. (+LOS)
You can swim through water.
You cover ground slowly.
You can hop short distances.


Message History

The gnoll blinks!
The gnoll is severely wounded.
Throwing (i - inventory):
e - 2 tomahawks of dispersal (quivered)
Press: ? - help, Shift-Dir - straight line, f/p - gnoll
Aim: a gnoll, wielding a halberd (severely wounded)
You throw a tomahawk of dispersal.
The tomahawk of dispersal hits the gnoll.
The gnoll blinks!
Throwing (i - inventory):
e - a tomahawk of dispersal (quivered)
Press: ? - help, Shift-Dir - straight line, f - gnoll
Aim: a gnoll, wielding a spear (heavily wounded)
You throw a tomahawk of dispersal.
The tomahawk of dispersal hits the gnoll but does no damage.
The gnoll is heavily wounded.
There is a stone staircase leading down, spattered with blood here.
You climb downwards.
The gnoll hits you with a spear.
* * * LOW HITPOINT WARNING * * *
The gnoll closely misses you. The gnoll hits you with a spear.
* * * LOW MAGIC WARNING * * *
You die...

#.##
########....
##...........
##............
#.............
#.............
#.............
#.....g.......
#...g@....)...
##..).........
##..........#
############


You could see 2 gnolls.

Vanquished Creatures
  2 gnolls (D:1)
  An adder (D:1)
  2 oozes (D:1)
  3 dart slugs (D:1)
  A leopard gecko (D:1)
  4 bats
  A giant cockroach (D:1)
  A goblin (D:1)
  4 hobgoblins (D:1)
  4 kobolds (D:1)
  A quokka (D:1)
  A ball python (D:1)
  2 frilled lizards (D:1)
  5 rats (D:1)
32 creatures vanquished.

Notes
Turn   | Place    | Note
-------+----------+-------------------------------------------
     0 | D:1      | Monsterracer the Barachi Warper began the quest for the Orb.
     0 | D:1      | Reached XP level 1. HP: 17/17 MP: 3/3
   162 | D:1      | Reached XP level 2. HP: 23/23 MP: 5/5
   443 | D:1      | Reached XP level 3. HP: 16/29 MP: 6/6
   609 | D:1      | Learned a level 2 spell: Blink
   676 | D:1      | Learned a level 3 spell: Lesser Beckoning
  1227 | D:1      | HP: 13/29 [gnoll (3)]
  1232 | D:1      | Reached XP level 4. HP: 15/35 MP: 4/7
  1406 | D:2      | HP: 17/35 [gnoll/spear (7)]
  1410 | D:1      | HP: 6/35 [gnoll/spear (5)]
  1422 | D:2      | HP: 2/35 [gnoll/spear (4)]
  1422 | D:2      | Slain by a gnoll

Vault maps used:
D:1:      mushboom_english_gardens, minmay_heptomino_o4
D:2:      grunt_dithmenos_smoke

Skill      XL: |  1  2  3 |
---------------+----------+-----
Armour         | 2 |  2.3
Fighting       | 3 |  3.3
Long Blades    | 3 |  3.6
Throwing       | |  1.0
Dodging        | |  2.9
Spellcasting   | |  2.1
Translocations | |  3.2

Action                   |  1- 3 |  4- 6 || total
-------------------------+-------+-------++-------
Melee: Falchion          |   110 |     6 ||   116
Throw: Tomahawk          |       |     5 ||     5
 Abil: Hop               |       |     1 ||     1
  Eat: Chunk             |     1 |     1 ||     2
Armor: Leather armour    |    26 |     1 ||    27
Dodge: Dodged            |    89 |    10 ||    99
       Rpst.: Falchion   |    23 |     3 ||    26

Table legend:
 A = Spawn XP
 B = Non-spawn XP
 C = Spawn XP percentage of total XP
 D = Spawn monster count
 E = Non-spawn monster count
 F = Spawn count percentage of total count
 G = Total turns spent on level
                    A         B        C        D         E        F      G
               +---------+---------+-------+---------+---------+-------+---------
         Total |      29 |      75 |  27.9 |       8 |      24 |  25.0 |  1422
               +---------+---------+-------+---------+---------+-------+---------
           D:1 |      29 |      74 |  28.2 |       8 |      23 |  25.8 |  1417
           D:2 |       0 |       1 |   0.0 |       0 |       1 |   0.0 |     5
               +---------+---------+-------+---------+---------+-------+---------
